 Dungeon Crawl Stone Soup version 0.31-a0-647-g38d6a14cb1 (webtiles) character file.

Game seed: 11864426495735611872

3089 neekola the Basher (level 9, -1/78 HPs)
             Began as a Black Draconian Berserker on Aug 29, 2023.
             Was a Priest of Trog.
             Succumbed to a water moccasin's poison
             ... on level 8 of the Dungeon.
             The game lasted 00:47:28 (7307 turns).

neekola the Basher (Black Draconian Berserker)      Turns: 7307, Time: 00:47:29

Health: -1/78      AC: 13    Str: 24    XL:     9   Next: 59%
Magic:  9/9        EV: 16    Int:  7    God:    Trog [***...]
Gold:   410        SH:  0    Dex: 17    Spells: 8/8 levels left

rFire   . . .        V - +4 falchion
rCold   . . .        o - orb {guile}
rNeg    . . .        (body armour unavailable)
rPois   .            (helmet restricted)
rElec   +            (no cloak)
rCorr   .            Q - +0 pair of gloves
SInv    .            d - +0 pair of boots
Will    .....        (no amulet)
Stlth   ++           b - +4 ring of protection
HPRegen 0.33/turn    e - +6 ring of dexterity
MPRegen 0.11/turn

%: no passive effects
@: lethally poisoned (-1 -> -22), on berserk cooldown, slowed, very slow
A: breathe lightning, AC +7, unfitting armour, electricity resistance,
cold-blooded
a: Breathe Lightning, Renounce Religion, Berserk, Trog's Hand


You were on level 8 of the Dungeon.
You worshipped Trog.
Trog was most pleased with you.
You visited 1 branch of the dungeon, and saw 8 of its levels.

You collected 410 gold pieces.

Inventory:

Hand Weapons
 a - a +0 mace
 f - a +1 falchion of electrocution
 h - a +0 club
 i - a +0 club
 B - a +0 spear
 C - a +0 halberd
 D - a +0 spear
 E - a +0 spear
 J - a +0 dagger
 K - a +0 flail
 V - a +4 falchion (weapon)
Missiles
 P - 15 poisoned darts
 R - 3 boomerangs
Armour
 d - a +0 pair of boots (worn)
 g - a +0 leather armour
 m - the +2 helmet of the Orcish Mines {Dex+4}
   (You found it on level 2 of the Dungeon)

   Dex+4:     It affects your dexterity (+4).
 o - an orb of guile (worn)
 L - a +0 buckler
 O - +0 steam dragon scales
 Q - a +0 pair of gloves (worn)
Jewellery
 b - a +4 ring of protection (left hand)
 e - a +6 ring of dexterity (right hand)
 v - a +6 ring of dexterity
 S - a ring of see invisible
Wands
 r - a wand of charming (25)
 A - a wand of flame (2) (quivered)
Scrolls
 k - 2 scrolls of silence {unknown}
 p - 2 scrolls of fog {unknown}
 q - 2 scrolls of enchant weapon {unknown}
 s - 4 scrolls of identify {unknown}
 t - a scroll of blinking {unknown}
 u - 2 scrolls of fear {unknown}
 x - a scroll of amnesia {unknown}
 y - a scroll of vulnerability {unknown}
 I - a scroll of butterflies {unknown}
 M - 2 scrolls of teleportation {unknown}
 N - a scroll of noise {unknown}
 T - a scroll of revelation {unknown}
 U - a scroll of poison {unknown}
Potions
 c - 2 potions of degeneration {unknown}
 j - 4 potions of curing {unknown}
 l - a potion of enlightenment {unknown}
 n - a potion of resistance {unknown}
 w - a potion of might {unknown}
 z - a potion of cancellation {unknown}
 F - a potion of haste {unknown}
 G - a potion of heal wounds {unknown}
 H - 3 potions of attraction {unknown}


   Skills:
 + Level 6.7 Fighting
 + Level 3.8 Long Blades
 + Level 8.4 Maces & Flails
 + Level 0.1 Throwing
 + Level 7.0 Dodging
 + Level 3.1 Stealth
 + Level 3.2 Evocations


You had 8 spell levels left.
You didn't know any spells.
Your spell library contained the following spells:

 Spells                   Type           Power      Damage    Failure   Level
 Magic Dart               Conj           0%         1d3       43%         1
 Necrotise                Necr           0%         1d4       43%         1
 Searing Ray              Conj           0%         2d4       56%         2
 Vampiric Draining        Necr           0%         2d6       80%         3
 Fulminant Prism          Conj/Hex       0%         3d5       99%         4
 Agony                    Necr           0%         N/A       100%        5


Dungeon Overview and Level Annotations

Branches:
Dungeon (8/15)
 Temple: D:4-7         Lair: D:8-11

Altars:
Cheibriados
Makhleb
Nemelex Xobeh
Okawaru
Ru
Trog
Vehumet
Wu Jian
Xom
Yredelemnul
Zin
The Shining One

Annotations:
D:7 Jeremiah


Innate Abilities, Weirdness & Mutations

You can breathe wild blasts of lightning.
Your glossy black scales are hard. (AC +7)
You cannot fit into any form of body armour.
You are resistant to electric shocks. (rElec)
You are cold-blooded and may be slowed by cold attacks.


Message History

The wyvern is heavily wounded.
You feel sick. The wyvern closely misses you.
The water moccasin bites you but does no damage.
You barely miss the wyvern. You tail-slap the wyvern!
The wyvern is severely wounded.
The wyvern bites you but does no damage.
The water moccasin bites you.
* * * LOW HITPOINT WARNING * * *
You slash the wyvern!
You kill the wyvern!
Trog accepts your kill.
You feel sick.
The water moccasin completely misses you.
Your Dodging skill increases to level 7!
You barely miss the water moccasin.
You feel sick.
The water moccasin bites you but does no damage.
You completely miss the water moccasin.
You feel sick.
You are no longer poisoned.
The water moccasin bites you.
* * * LOW HITPOINT WARNING * * *
You are poisoned.
The water moccasin poisons you!
You slash the water moccasin!
Your tail-slap misses the water moccasin.
The water moccasin is moderately wounded.
You are no longer berserk.
You are exhausted.
You feel yourself slow down.
You feel very sick.
The water moccasin bites you but does no damage.
You hit the water moccasin.
The water moccasin is moderately wounded.
You feel very sick. The water moccasin misses you.
The water moccasin bites you.
* * * LOW HITPOINT WARNING * * *
You are more poisoned.
The water moccasin poisons you!
You hit the water moccasin.
The water moccasin is heavily wounded.
You die...

#.#.### #.#...#
#.##### ## #.# ..
#.# . #. #.# #.
#.# ##.##.#
#..@..#
#...††S...#
#...≈≈.≈≈...#
...≈..≈.≈..≈....
...≈≈.....≈≈....#
......._......#.#
...≈≈.....≈≈..# #
...≈..≈.≈..≈..#


You could see a water moccasin.

Vanquished Creatures
  A komodo dragon (D:8)
  2 hornets
  A wyvern (D:8)
  3 steam dragons (D:7)
  3 ice beasts
  A black bear (D:8)
  A sky beast (D:6)
  2 phantoms
  2 kobold brigands
  3 bullfrogs
  3 scorpions
  5 wights (D:8)
  An electric eel (D:6)
  A hound (D:5)
  An orc priest (D:5)
  A sleepcap (D:5)
  3 iguanas
  3 orc wizards
  8 adders
  6 gnolls
  2 shadow imps
  3 white imps
  5 ufetubi
  A worm (D:5)
  4 dart slugs
  19 orcs
  5 ball pythons
  6 endoplasms
  7 giant cockroaches
  6 goblins
  6 hobgoblins
  2 jackals (D:1)
  12 kobolds
  6 quokkas
  2 bats (D:1)
  A frilled lizard (D:3)
  7 rats
145 creatures vanquished.

Vanquished Creatures (collateral kills)
  A hound (D:5)
  A frilled lizard (D:3)
  2 kobolds
4 creatures vanquished.

Vanquished Creatures (others)
  A gnoll bouda (D:5)
  A sleepcap (D:7)
  An orc (D:5)
  A goblin (D:7)
4 creatures vanquished.

Grand Total: 153 creatures vanquished

Notes
Turn   | Place    | Note
-------+----------+-------------------------------------------
     0 | D:1      | neekola the Draconian Berserker began the quest for the
                  | Orb.
     0 | D:1      | Reached XP level 1. HP: 19/19 MP: 1/1
   174 | D:1      | Reached XP level 2. HP: 26/26 MP: 2/2
   333 | D:1      | Reached XP level 3. HP: 31/31 MP: 3/3
   614 | D:1      | Reached ** piety under Trog
   739 | D:2      | Reached skill level 4 in Maces & Flails
   896 | D:2      | Reached XP level 4. HP: 40/40 MP: 4/4
   992 | D:2      | Identified the +2 helmet of the Orcish Mines {Dex+4}
   995 | D:2      | Noticed a phantom
  1002 | D:2      | Killed a phantom
  1003 | D:2      | Reached XP level 5. HP: 46/46 MP: 5/5
  1053 | D:2      | Found a faded altar of an unknown god.
  1054 | D:2      | Identified the +0 leather armour of the Engineer {Rampage}
  2183 | D:3      | Found a sparkling altar of Nemelex Xobeh.
  2192 | D:3      | Reached skill level 1 in Stealth
  3217 | D:4      | Found a snail-covered altar of Cheibriados.
  3217 | D:4      | Found an iron altar of Okawaru.
  3218 | D:4      | Found a burning altar of Makhleb.
  3258 | D:4      | Found a glowing silver altar of Zin.
  3614 | D:5      | Entered Level 5 of the Dungeon
  3625 | D:5      | Reached skill level 5 in Maces & Flails
  3635 | D:5      | Reached XP level 6. HP: 51/52 MP: 6/6
  3653 | D:5      | Found a radiant altar of Vehumet.
  3974 | D:5      | Reached *** piety under Trog
  4147 | D:5      | Noticed an ice beast
  4158 | D:5      | Found an ornate altar of the Wu Jian Council.
  4164 | D:5      | Noticed a spectral centipede
  4164 | D:5      | Noticed a spectral black mamba
  4164 | D:5      | Noticed a spectral cane toad
  4206 | D:5      | Found a sacrificial altar of Ru.
  4322 | D:5      | Noticed an ice beast
  4338 | D:5      | Killed an ice beast
  4339 | D:5      | Reached skill level 6 in Maces & Flails
  4339 | D:5      | Your scales start taking on a glossy black colour.
  4339 | D:5      | Reached XP level 7. HP: 60/60 MP: 7/7
  4339 | D:5      | Gained mutation: You are resistant to electric shocks.
                  | (rElec) [Black Draconian growth]
  4686 | D:6      | Reached skill level 1 in Evocations
  4737 | D:6      | Reached skill level 5 in Dodging
  4839 | D:6      | Reached skill level 5 in Fighting
  5229 | D:6      | Reached skill level 7 in Maces & Flails
  5270 | D:6      | Reached XP level 8. HP: 68/68 MP: 8/8
  5779 | D:7      | Found a bloodstained altar of Trog.
  5950 | D:7      | Noticed a hornet
  5963 | D:7      | Killed a hornet
  5964 | D:7      | Reached skill level 8 in Maces & Flails
  6129 | D:7      | Reached **** piety under Trog
  6248 | D:7      | Noticed Jeremiah
  6385 | D:8      | Reached skill level 1 in Long Blades
  6521 | D:8      | Noticed a komodo dragon
  6531 | D:8      | Reached XP level 9. HP: 66/69 MP: 9/9
  6543 | D:8      | Killed a komodo dragon
  6547 | D:8      | HP: 5/112 [bullfrog (4)]
  6552 | D:8      | HP: 1/112 [black bear (3)]
  7019 | D:8      | Found a glowing golden altar of the Shining One.
  7042 | D:8      | Found a shimmering altar of Xom.
  7284 | D:8      | Found a basalt altar of Yredelemnul.
  7294 | D:8      | Paralysed by a hornet for 1 turns
  7307 | D:8      | Succumbed to a water moccasin's poison

Illustrated notes

Levels and vault maps discovered:
D:1:      minmay_arrival_glassed_features, layout_basic, serial_park_tiny_pond
D:2:      layout_rooms, shapermc_ecumenical_altar_mp_urbaneastern
D:3:      layout_basic, lemuel_round_altar, serial_glass, glass_columns_a,
          glass_columns_c
D:4:      layout_layer_cave, nicolae_overflow_quartered_altars
D:5:      layout_cave_pools, pdpol_wu_jian_five_deadly_venoms,
          kennysheep_mini_moat, vehumet_altar_wand_db
D:6:      layout_loops_ring, serial_demonic, serial_demonic_g, serial_demonic_f,
          serial_demonic_f, serial_demonic_a, serial_demonic_e,
          serial_demonic_f, gup_sewer_entry_pipe, minmay_hedge_maze,
          serial_bayou_ford_a
D:7:      layout_loops_ring, dancing_weapons_uskayaw, lemuel_tele_altar,
          minmay_temple_entry_statues, enter_bailey_3, uniq_jeremiah
D:8:      layout_loops_ring, mainiacjoe_overflow_alcove_4,
          mainiacjoe_overflow_small_starburst, marbit_many_paths,
          nicolae_tso_carved_into_rock, grunt_lair_entry_orc_guard_hut

Skill      XL: |  1  2  3  4  5  6  7  8  9 |
---------------+----------------------------+-----
Dodging        | 3 4 5 6 7 |  7.0
Maces & Flails | 4 5 6 7 8 |  8.4
Fighting       | 4 5 6 |  6.7
Stealth        | 1 2 3 |  3.1
Evocations     | 1 2 3 |  3.2
Long Blades    | 1 3 |  3.8
Throwing       | |  0.1

Action                     |  1- 3 |  4- 6 |  7- 9 || total
---------------------------+-------+-------+-------++-------
  Melee: Mace              |    68 |   194 |   150 ||   412
         Tailslap          |     6 |    25 |    42 ||    73
         Punch             |     1 |     1 |       ||     2
         Falchion          |       |       |   117 ||   117
  Throw: Stone             |     5 |     4 |       ||     9
 Invoke: Berserk           |     3 |     2 |     5 ||    10
Ability: Breathe Lightning |       |       |     4 ||     4
  Evoke: Wand              |       |    11 |    21 ||    32
   Stab: Sleeping          |     1 |     2 |     2 ||     5
 Armour: Skin              |    25 |    82 |   139 ||   246
  Dodge: Dodged            |    40 |   154 |   262 ||   456

Table legend: (Time is in decaauts)
 A = Elapsed time spent in this place.
 B = Non-inter-level travel time spent in this place.
 C = Inter-level travel time spent in this place.
 D = Time resting spent in this place.
 E = Time spent auto-exploring this place.
 F = Levels seen in this place.
 G = Mean time per level.
                   A        B        C        D        E       F      G
               +--------+--------+--------+--------+--------+-----+--------+
         Total |   7510 |   7358 |    152 |   1041 |   2896 |   8 |  938.8 |
       Dungeon |   7510 |   7358 |    152 |   1041 |   2896 |   8 |  938.8 |
               +--------+--------+--------+--------+--------+-----+--------+

Top non-repeatable levels by time:
     D:6: 1236 daAuts
     D:4: 1168 daAuts
     D:8: 969 daAuts
     D:3: 961 daAuts
     D:5: 907 daAuts
     D:2: 810 daAuts
     D:1: 744 daAuts
     D:7: 712 daAuts
